 Dungeon Crawl Stone Soup version 0.17.1-2-g5865329 (webtiles) character file.

450 Mysteryquy the Cudgeler (level 7, -6/41 HPs)
             Began as a Gargoyle Fighter on Jan 12, 2016.
             Was an Initiate of Jiyva.
             Mangled by an ogre
             ... wielding a +0 giant club
              (14 damage)
             ... on level 4 of the Dungeon.
             The game lasted 00:06:42 (3499 turns).

Mysteryquy the Cudgeler (Gargoyle Fighter)          Turns: 3499, Time: 00:06:42

Health: -6/41      AC: 13    Str: 21    XL:     7   Next: 4%
Magic:  7/7        EV:  7    Int:  9    God:    Jiyva [......]
Gold:   195        SH:  9    Dex: 11    Spells: 0 memorised, 6 levels left

rFire  . . .     SeeInvis .     a - +0 flail
rCold  . . .     Clarity  .     b - +0 scale mail
rNeg   + . .     SustAt   .     c - +0 shield
rPois  ∞         Gourm    .     m - +0 helmet
rElec  +         Spirit   .     (no cloak)
rCorr  .         Warding  .     k - +0 pair of gloves
rMut   .         Stasis   .     (no boots)
MR     .....                    (no amulet)
Stlth  ..........               (no ring)
                                d - +2 ring of dexterity

@: not resistant to hostile enchantments, extremely unstealthy
A: negative energy resistance 1, electricity resistance, unbreathing,
petrification resistance, rot immunity, AC +4
a: Renounce Religion


You were on level 4 of the Dungeon.
You worshipped Jiyva.
Jiyva was noncommittal.
You were not hungry.

You visited 2 branches of the dungeon, and saw 5 of its levels.

You collected 195 gold pieces.

Inventory:

Hand Weapons
 a - a +0 flail (weapon)
Armour
 b - a +0 scale mail (worn)
 c - a +0 shield (worn)
 k - a +0 pair of gloves (worn)
 m - a +0 helmet (worn)
Jewellery
 d - a +2 ring of dexterity (left hand)
Scrolls
 g - 3 scrolls of enchant weapon {unknown}
 h - 2 scrolls of noise {unknown}
 j - 2 scrolls of amnesia {unknown}
 o - 2 scrolls of recharging {unknown}
 p - a scroll of blinking {unknown}
 s - 3 scrolls of identify {unknown}
 t - 2 scrolls of teleportation {unknown}
 y - 3 scrolls of remove curse {unknown}
 z - a scroll of fog {unknown}
Potions
 f - 2 potions of magic {unknown}
 i - 3 potions of curing {unknown}
 l - a potion of ambrosia {unknown}
 q - a potion of brilliance {unknown}
 r - a potion of agility {unknown}
 u - a potion of degeneration {unknown}
 x - a potion of might
Books
 v - a book of Enchantments

   Spells                             Type                      Level
   a - Cause Fear                     Hexes                        4
   b - Silence                        Hexes/Air                    5
   c - Deflect Missiles               Charms/Air                   6
   d - Haste                          Charms                       6
   e - Discord                        Hexes                        8
Comestibles
 e - 7 bread rations
 n - a meat ration
 w - a beef jerky
 A - a chunk of flesh


   Skills:
 - Level 3.2 Fighting
 + Level 7.3 Maces & Flails
 - Level 3.2 Armour
 - Level 3.2 Shields


You had 6 spell levels left.
You didn't know any spells.

Dungeon Overview and Level Annotations

Branches:
Dungeon (4/15)             Temple (1/1) D:4

Altars:
Ashenzari
Sif Muna
Yredelemnul
The Shining One
Jiyva

Portals:
Abyss: D:1***


Innate Abilities, Weirdness & Mutations

You are resistant to torment.
Your stone body is resilient (AC +4).
You are immune to poison.
You resist negative energy.
You are resistant to electric shocks.
You can survive without breathing.
You are immune to petrification.
You are immune to rotting.


Message History

You sock the hound!
The hound is almost dead.
The hound barely misses you. You block the ogre's attack.
The hound completely misses you.
You sock the hound!
You kill the hound!
You have reached level 7!
You block the ogre's attack.
You sock the ogre!
The ogre is moderately wounded.
The ogre hits you with a giant club!
* * * LOW HITPOINT WARNING * * *
You are too injured to fight recklessly!
You are too injured to fight recklessly!
You are too injured to fight recklessly!
You are too injured to fight recklessly!
You sock the ogre!
The ogre is severely wounded.
The ogre hits you with a giant club!
You die...

#.# ##.....##
#.#...# #. #.#
##...## #...###
#. #.# ##+##
##.## ## #.# #
#.# ... #. #.#
..# ##.##### #.#
..# ##......# #.#
.#.....#.######.#
......O@........#
.##..###?########
# #.# #.# ..# ###


You could see an ogre.

Vanquished Creatures
  The ghost of Caphalor the Sneak, an amateur SpEn (D:3)
  3 hounds (D:4)
  2 orc wizards (D:4)
  2 iguanas (D:4)
  A worker ant (D:4)
  3 gnolls (D:4)
  4 adders
  An adder skeleton (D:4)
  2 worms (D:2)
  4 giant geckos
  8 orcs
  7 goblins
  6 hobgoblins
  4 jackals (D:4)
  2 quokkas (D:3)
  2 ball pythons
  5 bats
  4 giant cockroaches
  A giant gecko skeleton (D:4)
  6 giant newts
  3 kobolds
  A quokka skeleton (D:4)
  4 rats
  A spectral orc (D:3)
77 creatures vanquished.

Notes
Turn   | Place    | Note
--------------------------------------------------------------
     0 | D:1      | Mysteryquy the Gargoyle Fighter began the quest for the Orb.
     0 | D:1      | Reached XP level 1. HP: 14/14 MP: 1/1
   465 | D:1      | Reached XP level 2. HP: 14/19 MP: 2/2
  1078 | D:2      | Reached XP level 3. HP: 18/23 MP: 3/3
  1645 | D:3      | Noticed Caphalor's ghost (amateur SpEn)
  1652 | D:3      | Killed Caphalor's ghost
  1652 | D:3      | Reached skill level 4 in Maces & Flails
  1652 | D:3      | Reached XP level 4. HP: 26/28 MP: 4/4
  1766 | D:3      | Reached skill level 5 in Maces & Flails
  1806 | D:3      | Found a basalt altar of Yredelemnul.
  1867 | D:3      | Reached XP level 5. HP: 32/32 MP: 5/5
  2133 | D:3      | Found a deep blue altar of Sif Muna.
  2520 | D:4      | Reached skill level 6 in Maces & Flails
  2520 | D:4      | Reached XP level 6. HP: 26/37 MP: 6/6
  3007 | D:4      | Found a shattered altar of Ashenzari.
  3127 | D:4      | Reached skill level 7 in Maces & Flails
  3362 | D:4      | Found a staircase to the Ecumenical Temple.
  3384 | Temple   | Entered the Ecumenical Temple
  3408 | Temple   | Became a worshipper of Jiyva Jelod the Shapeless
  3488 | D:4      | Noticed an ogre
  3497 | D:4      | Reached XP level 7. HP: 24/41 MP: 7/7
  3499 | D:4      | Mangled by an ogre

Action                   |  1- 3 |  4- 6 |  7- 9 || total
-------------------------+-------+-------+-------++-------
Melee: Flail             |   102 |   236 |     2 ||   340
  Use: Potion            |     1 |       |       ||     1
  Eat: Chunk             |     2 |     7 |       ||     9
